 Dungeon Crawl Stone Soup version 0.23.2-1-ga50397a6bc (webtiles) character file.

Game seed: 12069447576062323554

65 Jukra the Shield-Bearer (level 3, -2/33 HPs)
             Began as a Minotaur Fighter on May 29, 2019.
             Slain by a hobgoblin
             ... wielding a +0 club
              (5 damage)
             ... on level 2 of the Dungeon.
             The game lasted 00:04:40 (1476 turns).

Jukra the Shield-Bearer (Minotaur Fighter)          Turns: 1476, Time: 00:04:41

Health: -2/33      AC: 11    Str: 21    XL:     3   Next: 94%
Magic:  2/2        EV:  3    Int:  5    God:
Gold:   80         SH:  9    Dex:  9    Spells: 2/2 levels left

rFire    . . .     SeeInvis .   a - +0 long sword
rCold    . . .     Gourm    .   c - +0 shield
rNeg     . . .     Faith    .   o - +0 plate armour
rPois    .         Spirit   .   (helmet restricted)
rElec    .         Reflect  .   (no cloak)
rCorr    .         Harm     .   (no gloves)
MR       .....                  (no boots)
Stlth    ..........             (no amulet)
HPRegen  0.11/turn              (no ring)
MPRegen  0.08/turn              (no ring)

@: heavily drained
A: retaliatory headbutt, horns 2
a: no special abilities


You were on level 2 of the Dungeon.
You were not hungry.

You visited 1 branch of the dungeon, and saw 3 of its levels.

You collected 80 gold pieces.

Inventory:

Hand Weapons
 a - a +0 long sword (weapon)
Armour
 b - a +0 scale mail
 c - a +0 shield (worn)
 o - a +0 plate armour (worn)
Scrolls
 i - 2 scrolls of enchant weapon {unknown}
 j - 3 scrolls of identify
 k - a scroll of amnesia
 m - a scroll of enchant armour {unknown}
 n - a scroll of fear {unknown}
Potions
 d - a potion of might
 e - a potion of flight {unknown}
 g - a potion of berserk rage {unknown}
 h - a potion of brilliance {unknown}
 l - a potion of curing {unknown}
Comestibles
 f - 5 rations


   Skills:
 + Level 4.0(2.7) Fighting
 + Level 2.8(1.6) Long Blades
 + Level 4.1(2.8) Armour
 + Level 1.0(0.0) Dodging
 + Level 0.1(0.0) Stealth
 + Level 4.5(3.1) Shields
 * Level 0.3(0.0) Spellcasting


You had 2 spell levels left.
You didn't know any spells.
Your spell library was empty.

Dungeon Overview and Level Annotations

Branches:
Dungeon (3/15)

Altars:
Ru


Innate Abilities, Weirdness & Mutations

You reflexively headbutt those who attack you in melee.
You have a pair of horns on your head.


Message History

The hobgoblin hits you but does no damage.
You barely miss something. You block the quokka's attack.
Something hits you but does no damage.
The quokka bites you but does no damage.
The hobgoblin hits you with a +0 club.
* * * LOW HITPOINT WARNING * * *
Something hits you but does no damage.
The orc wizard gestures wildly while chanting.
The orc wizard blinks!
The quokka bites you but does no damage.
Something hits you.
* * * LOW HITPOINT WARNING * * *
The hobgoblin hits you but does no damage.
You climb upwards.
Reactivating autopickup.
There is a stone staircase leading down here.
You hit the hobgoblin but do no damage.
The hobgoblin is heavily wounded.
The quokka barely misses you. The hobgoblin hits you with a +0 club.
You die...

........................<.#######
##########..#.###................
#...........<....#######
#.###.###........# #.# #.#
#.#.....## #.# #.# #.##..<##
##########.###.# #.######
...............###.#
##########.....g@r.# #
####..##### # #..# # ##..# #
##.#.## # #.###.# ##.#.## ##.##
###


You could see a quokka and a hobgoblin.

Vanquished Creatures
  2 adders (D:2)
  3 worms
  A dart slug (D:1)
  2 leopard geckos
  An orc (D:3)
  3 goblins
  2 hobgoblins
  8 jackals
  A quokka (D:2)
  A ball python (D:1)
  A bat (D:1)
  10 frilled lizards
  2 rats (D:2)
37 creatures vanquished.

Notes
Turn   | Place    | Note
-------+----------+-------------------------------------------
     0 | D:1      | Jukra the Minotaur Fighter began the quest for the Orb.
     0 | D:1      | Reached XP level 1. HP: 19/19 MP: 0/0
   310 | D:1      | Reached XP level 2. HP: 27/27 MP: 1/1
   720 | D:2      | Reached XP level 3. HP: 31/33 MP: 2/2
   751 | D:2      | Reached skill level 1 in Dodging
   830 | D:2      | Found a sacrificial altar of Ru.
  1476 | D:2      | Slain by a hobgoblin

Skill      XL: |  1  2  3 |
---------------+----------+-----
Shields        | 4 |  4.5
Fighting       | 4 |  4.0
Dodging        | 1 |  1.0
Armour         | 4 |  4.1
Long Blades    | |  2.8
Stealth        | |  0.1
Spellcasting   | |  0.3

Action                   || total
-------------------------++-------
Melee: Long sword        ||   118
       Headbutt          ||    14
  Use: Scroll            ||     7
  Eat: Chunk             ||     2
Armor: Scale mail        ||    44
       Plate armour      ||    88
Dodge: Dodged            ||    46
Block: Shield            ||    78
       Rpst.: Long sword ||    15
